 Dungeon Crawl Stone Soup version 0.27.1-33-g824d729ab1 (webtiles) character file.

Game seed: 8407470486588341342

4 Thatpatchoflichen the Ducker (level 1, -2/15 HPs)
             Began as a Felid Berserker on Dec 13, 2021.
             Was a Follower of Trog.
             Slain by a kobold (5 damage)
             ... on level 1 of the Dungeon.
             The game lasted 00:00:38 (60 turns).

Thatpatchoflichen the Ducker (Felid Berserker)        Turns: 60, Time: 00:00:39

Health: -2/15      AC:  1    Str: 13    XL:     1   Next: 50%
Magic:  2/2        EV: 18    Int:  8    God:    Trog [*.....]
Gold:   28         SH:  0    Dex: 15    Spells: 0/0 levels left
                                        Lives:  0   Deaths: 0

rFire    . . .     SeeInvis +     - Unarmed
rCold    . . .     Faith    .   (shield unavailable)
rNeg     . . .     Spirit   .   (armour unavailable)
rPois    .         Reflect  .   (helmet unavailable)
rElec    .         Harm     .   (cloak unavailable)
rCorr    .         Rampage  .   (gloves unavailable)
Will     .....                  (boots unavailable)
Stlth    ..........             (no amulet)
HPRegen  0.05/turn              (no ring)
MPRegen  0.08/turn              (no ring)

@: berserking, very quick
A: very small, claws 1, fangs 3, see invisible, speed 1, shaggy fur 1, stealthy
paws, no weapons or thrown items, no armour, multi-lived
a: Renounce Religion, Berserk


You were on level 1 of the Dungeon.
You worshipped Trog.
Trog was aware of your devotion.
You visited 1 branch of the dungeon, and saw 1 of its levels.

You collected 28 gold pieces.

You aren't carrying anything.


   Skills:
 + Level 3.1 Fighting
 + Level 4.1 Dodging
 + Level 3.1 Unarmed Combat


You couldn't memorise any spells.
You didn't know any spells.
Your spell library was empty.

Dungeon Overview and Level Annotations

Branches:
Dungeon (1/15)

Altars:


Innate Abilities, Weirdness & Mutations

You have sharp claws.
You have razor-sharp teeth.
You have supernaturally acute eyesight. (SInv)
You cover ground quickly. (Speed+)
You are covered in fur. (AC +1)
Your paws help you pounce on unaware monsters.
You are incapable of wielding weapons or throwing items.
You cannot wear armour.
You gain extra lives every three experience levels.


Message History

The endoplasm quivers.
A kobold comes into view. It is wielding a +0 short sword.
The goblin hits you with a +0 club.
Ouch! That really hurt!
You completely miss the goblin. The goblin closely misses you.
You scratch the goblin.
You kill the goblin!
Trog accepts your kill.
Things that are here:
a +0 club; a goblin corpse You scratch the endoplasm.
The endoplasm is heavily wounded.
The kobold shouts!
You scratch the endoplasm.
You kill the endoplasm!
Trog accepts your kill. The goblin misses you.
Found a short sword.
The goblin closely misses you. The goblin hits you with a +0 club.
* * * LOW HITPOINT WARNING * * *
Things that are here:
a +0 club; a goblin corpse The goblin hits you but does no damage.
Things that are here:
a +0 club; a goblin corpse The goblin closely misses you.
You scratch the goblin.
You kill the goblin!
Trog accepts your kill. The kobold closely misses you.
You see here a +0 club.
You closely miss the kobold. The kobold closely misses you.
You scratch the kobold but do no damage.
You bite the kobold, but do no damage. The kobold closely misses you.
You barely miss the kobold. The kobold completely misses you.
A red film seems to cover your vision as you go berserk!
You feel yourself moving faster!
You feel mighty!
You feel a strong urge to attack something.
The kobold hits you with a +0 short sword.
You die...

#### ....# .....
...... ...... ...
....#.########..#
................###
#.......#.......
##..@..###.....
..#...BK..#...#
...............###
.......#<........#
......###........##.#
......>#............#
...............#.#...
...#.......#...# #
.###.....###..#


You could see a giant cockroach and a kobold.

Vanquished Creatures
  An endoplasm (D:1)
  2 goblins (D:1)
3 creatures vanquished.

Notes
Turn   | Place    | Note
-------+----------+-------------------------------------------
     0 | D:1      | Thatpatchoflichen the Felid Berserker began the quest for
                  | the Orb.
     0 | D:1      | Reached XP level 1. HP: 10/10 MP: 2/2
    60 | D:1      | Slain by a kobold

Illustrated notes

Levels and vault maps discovered:
D:1:      minmay_arrival_five_plusses, layout_basic,
          shapermc_ecumenical_altar_totnotflames, minmay_indecisive_spiral

Action                   || total
-------------------------++-------
Melee: Unarmed           ||     8
       Bite              ||     1
Invok: Berserk           ||     1
Armor: Skin              ||     1
Dodge: Dodged            ||     8
